 Dungeon Crawl Stone Soup version 0.24.0-37-gcf1ca852f1 (webtiles) character file.

Game seed: 3473016433094599581, levelgen mode: deterministic

60 Kobolds4U the Sneak (level 3, 0/19 HPs)
             Began as a Deep Elf Conjurer on Dec 7, 2019.
             Slain by a leopard gecko (4 damage)
             ... on level 1 of the Dungeon.
             The game lasted 00:04:25 (1602 turns).

Kobolds4U the Sneak (Deep Elf Conjurer)             Turns: 1602, Time: 00:04:26

Health: 0/19       AC: 10    Str:  8    XL:     3   Next: 80%
Magic:  2/9        EV: 13    Int: 20    God:
Gold:   102        SH:  0    Dex: 15    Spells: 2/8 levels left

rFire    . . .     SeeInvis .   l - +0 dagger (protect)
rCold    . . .     Gourm    .   (no shield)
rNeg     . . .     Faith    .   a - +0 robe
rPois    .         Spirit   .   (no helmet)
rElec    .         Reflect  .   (no cloak)
rCorr    .         Harm     .   j - +0 pair of gloves {Str+3}
MR       .....                  (no boots)
Stlth    ++........             (no amulet)
HPRegen  0.06/turn              p - ring of attention (curse)
MPRegen  0.11/turn              (no ring)

@: protection aura
A: no striking features
a: no special abilities


You were on level 1 of the Dungeon.
You were not hungry.

You visited 1 branch of the dungeon, and saw 2 of its levels.

You collected 102 gold pieces.

Inventory:

Hand Weapons
 l - a +0 dagger of protection (weapon)
Armour
 a - a +0 robe (worn)
 j - a +0 pair of gloves of strength (worn)
Jewellery
 p - a cursed ring of attention (left hand)
Scrolls
 d - a scroll of noise {unknown}
 e - a scroll of magic mapping {unknown}
 f - a scroll of enchant armour {unknown}
 g - a scroll of teleportation {unknown}
 k - a scroll of identify {unknown}
 n - a scroll of enchant weapon {unknown}
 o - a scroll of fear {unknown}
Potions
 b - a potion of curing {unknown}
 i - a potion of brilliance {unknown}
 m - a potion of mutation {unknown}
 q - a potion of berserk rage {unknown}
Comestibles
 c - a ration
 h - a chunk of flesh


   Skills:
 - Level 2.4 Dodging
 + Level 5.5 Stealth
 - Level 3.0 Spellcasting
 - Level 4.3 Conjurations


You had 2 spell levels left.
You knew the following spells:

 Your Spells              Type           Power        Failure   Level  Hunger
a - Magic Dart            Conj           ###.         2%          1    None
b - Searing Ray           Conj           ###...       3%          2    ##.....
c - Dazzling Spray        Conj/Hex       ##....       17%         3    ###....

Your spell library contained the following spells:

 Spells                   Type           Power        Failure   Level  Hunger
 Iskenderun's Mystic Bla  Conj           ###.....     24%         4    ####...
 Force Lance              Conj/Tloc      ##......     50%         4    ####...
 Fulminant Prism          Conj/Hex       ##........   50%         4    ####...


Dungeon Overview and Level Annotations

Branches:
Dungeon (2/15)

Altars:

Annotations:
D:1 Jessica


Message History

* * * LOW HITPOINT WARNING * * *
Casting: Searing Ray (safe; 3% risk of failure)
Confirm with . or Enter, or press ? or * to list all spells.
Aiming: Dazzling Spray (safe; 17% risk of failure)
Press: ? - help, Shift-Dir - straight line, f - Jessica
Aim: Jessica, wearing a +0 robe (fast)
The spray of energy hits Jessica.
Jessica is heavily wounded.
Jessica is dazzled.
The spray of energy misses the leopard gecko.
The leopard gecko closely misses you. Jessica closely misses you.
You hit Jessica.
Your weapon exudes an aura of protection.
Jessica is severely wounded.
Jessica barely misses you. The leopard gecko barely misses you.
Jessica misses you. The leopard gecko closely misses you.
You hit Jessica but do no damage.
Jessica is severely wounded.
Jessica closely misses you. The leopard gecko bites you.
You die...

########### #.........#
#.........# #.........#
###### #.........#
###....#########@##+######
................@l.....#
###.##.######'#........#
#.##.......^.........# #
#.#####..............# #
#.# #..............# # #.#
#..............#
###.#######'#+#........#
'...........#.#........#


You could see Jessica (blind) and a leopard gecko.

Vanquished Creatures
  2 adders (D:2)
  3 leopard geckos
  4 bats (D:1)
  2 giant cockroaches (D:2)
  6 goblins
  7 hobgoblins
  5 frilled lizards
  3 kobolds (D:1)
  2 rats (D:1)
34 creatures vanquished.

Notes
Turn   | Place    | Note
-------+----------+-------------------------------------------
     0 | D:1      | Kobolds4U the Deep Elf Conjurer began the quest for the
                  | Orb.
     0 | D:1      | Reached XP level 1. HP: 10/10 MP: 6/6
   167 | D:1      | Reached skill level 3 in Stealth
   452 | D:1      | Reached XP level 2. HP: 15/15 MP: 6/8
   456 | D:1      | Learned a level 2 spell: Searing Ray
   741 | D:1      | Reached skill level 4 in Stealth
  1066 | D:1      | Reached XP level 3. HP: 19/19 MP: 0/9
  1150 | D:1      | Learned a level 3 spell: Dazzling Spray
  1364 | D:2      | Reached skill level 5 in Stealth
  1586 | D:2      | Noticed Jessica
  1602 | D:1      | Slain by a leopard gecko

Levels and vault maps discovered:
D:1:      wheals_arrival_linesprint, layout_basic
D:2:      layout_loops_cross, lemuel_crystal_altar, first_ration, uniq_jessica

Skill      XL: |  1  2  3 |
---------------+----------+-----
Stealth        | 3 4 5 |  5.5
Dodging        | |  2.4
Spellcasting   | |  3.0
Conjurations   | |  4.3

Action                   || total
-------------------------++-------
Melee: Dagger            ||    26
 Cast: Magic Dart        ||    41
       Searing Ray       ||     2
       Dazzling Spray    ||     1
 Stab: Sleeping          ||     2
  Eat: Chunk             ||     2
Armor: Robe              ||     8
Dodge: Dodged            ||    32
